 Dungeon Crawl Stone Soup version 0.23.2-1-ga50397a6bc (webtiles) character file.

Game seed: 12583522844168272252

212 Andrea the Insei (level 5, -6/34 HPs)
             Began as an Octopode Transmuter on May 29, 2019.
             Killed by nerve-wracking pain
             ... invoked by Grinder
              (7 damage)
             ... on level 3 of the Dungeon.
             The game lasted 00:03:48 (2997 turns).

Andrea the Insei (Octopode Transmuter)              Turns: 2997, Time: 00:03:49

Health: -6/34      AC:  2    Str: 11    XL:     5   Next: 90%
Magic:  6/9        EV: 19    Int: 15    God:
Gold:   167        SH:  0    Dex: 17    Spells: 3/9 levels left

rFire    . . .     SeeInvis .     - Unarmed
rCold    . . .     Gourm    .   (shield currently unavailable)
rNeg     + . .     Faith    .   (helmet currently unavailable)
rPois    x         Spirit   .   (no amulet)
rElec    .         Reflect  .   t - ring of positive energy
rCorr    .         Harm     .   u - ring of stealth
MR       .....                  (no ring)
Stlth    +++.......             (no ring)
HPRegen  0.11/turn              (no ring)
MPRegen  0.11/turn              (no ring)
                                (no ring)
                                (no ring)

@: spider-form
A: tiny, almost no armour, stealthy swim, (amphibious), 8 rings, (constrict 8)
a: End Transformation


You were on level 3 of the Dungeon.
You were hungry.
You were a venomous arachnid creature.
You visited 1 branch of the dungeon, and saw 3 of its levels.

You collected 167 gold pieces.

Inventory:

Missiles
 a - 26 arrows
Jewellery
 e - a cursed amulet of inaccuracy {unknown}
 t - a ring of positive energy (left front leg)
 u - a ring of stealth (right front leg)
Scrolls
 b - 3 scrolls of remove curse {unknown}
 f - a scroll of fog {unknown}
 h - 3 scrolls of identify {unknown}
 j - 2 scrolls of teleportation {unknown}
 m - 2 scrolls of amnesia {unknown}
 p - a scroll of blinking {unknown}
 q - 2 scrolls of noise {unknown}
 r - a scroll of enchant armour {unknown}
Potions
 d - a potion of haste {unknown}
 g - 2 potions of flight {unknown}
 i - a potion of curing {unknown}
 k - 2 potions of heal wounds {unknown}
 l - a potion of brilliance {unknown}
 n - a potion of mutation {unknown}
 s - 2 potions of invisibility {unknown}
Comestibles
 c - 6 rations


   Skills:
 + Level 2.2 Fighting
 - Level 2.0 Dodging
 * Level 4.2 Unarmed Combat
 + Level 2.7 Spellcasting
 * Level 3.5 Transmutations
 - Level 2.0 Poison Magic


You had 3 spell levels left.
You knew the following spells:

 Your Spells              Type           Power        Failure   Level  Hunger
a - Beastly Appendage     Tmut           ##....       14%         1    #......
b - Sticks to Snakes      Tmut           ##......     21%         2    ##.....
c - Spider Form           Tmut/Pois      ##........   41%         3    ###....

Your spell library contained the following spells:

 Spells                   Type           Power        Failure   Level  Hunger
 Ice Form                 Ice/Tmut       #.......     86%         4    #####..
 Blade Hands              Tmut           ##........   92%         5    ######.


Dungeon Overview and Level Annotations

Branches:
Dungeon (3/15)

Altars:
Cheibriados
Okawaru

Annotations:
D:3 Grinder


Innate Abilities, Weirdness & Mutations

You cannot wear most types of armour.
You are very stealthy in the water. (Stealth+)
((You are amphibious.))
You can wear up to eight rings at the same time.
((You can use your tentacles to constrict eight enemies at once.))
((Your skin changes colour to match your surroundings (Stealth+).))
((Your rubbery body absorbs attacks. (AC +1, EV +1)))


Message History

Grinder is moderately wounded.
Grinder closely misses you.
You closely miss Grinder.
Grinder is moderately wounded.
Grinder hits you!
* * * LOW HITPOINT WARNING * * *
You writhe in agony.
* * * LOW HITPOINT WARNING * * *
You closely miss Grinder.
Grinder is moderately wounded.
Grinder barely misses you.
You hit Grinder but do no damage.
Grinder is poisoned.
Grinder is moderately wounded.
Grinder gestures at you.
You are unaffected.
You closely miss Grinder.
Grinder is moderately wounded.
Grinder gestures at you. Pain shoots through your body!
You die...

#.####.#
######.######..######. #.#
#.###.......#####..#### #.
#.####...<.................#
#.
#[((....##.#####<#####..##.#
#. ###)########.##..#.# #..#
# #. .##(## #.##.(#.# #...
.. #.#..#######.##..#.#
#.### #.
##.................# #.# #.
#.#..###########s### .#. #.
.##......# #.5.....# #
.#...###.# ########.
.#...###.# .......#.#
.........# .......#.###
#.....##...# #..........#


You could see Grinder.

Vanquished Creatures
  An orc priest (D:3)
  2 orc wizards (D:3)
  3 gnolls (D:3)
  5 adders
  2 leopard geckos (D:2)
  11 orcs (D:3)
  4 giant cockroaches
  3 goblins
  2 hobgoblins (D:1)
  2 bats
  2 frilled lizards (D:1)
  2 kobolds (D:1)
  4 rats
43 creatures vanquished.

Notes
Turn   | Place    | Note
-------+----------+-------------------------------------------
     0 | D:1      | Andrea the Octopode Transmuter began the quest for the Orb.
     0 | D:1      | Reached XP level 1. HP: 13/13 MP: 3/3
   131 | D:1      | Reached XP level 2. HP: 12/18 MP: 5/5
   139 | D:1      | Learned a level 2 spell: Sticks to Snakes
  1089 | D:2      | Reached XP level 3. HP: 23/23 MP: 3/6
  1094 | D:2      | Learned a level 3 spell: Spider Form
  1326 | D:2      | Found a snail-covered altar of Cheibriados.
  1727 | D:3      | Reached skill level 1 in Poison Magic
  1727 | D:3      | Reached XP level 4. HP: 11/29 MP: 4/7
  2133 | D:3      | Reached XP level 5. HP: 18/34 MP: 6/8
  2352 | D:3      | Reached skill level 4 in Unarmed Combat
  2679 | D:3      | Found an iron altar of Okawaru.
  2989 | D:3      | Noticed Grinder
  2994 | D:3      | HP: 1/34 [Grinder (3)]
  2997 | D:3      | Killed from afar by Grinder

Skill      XL: |  1  2  3  4  5 |
---------------+----------------+-----
Poison Magic   | 1 2 |  2.0
Transmutations | 3 |  3.5
Fighting       | 2 |  2.2
Unarmed Combat | 4 |  4.2
Dodging        | |  2.0
Spellcasting   | |  2.7

Action                   |  1- 3 |  4- 6 || total
-------------------------+-------+-------++-------
Melee: Unarmed           |    48 |    74 ||   122
       Constrict         |    15 |    12 ||    27
       Kick              |     9 |    11 ||    20
       Tentacles         |     6 |     8 ||    14
 Cast: Beastly Appendage |    12 |     9 ||    21
       Spider Form       |     1 |     4 ||     5
 Stab: Sleeping          |     2 |       ||     2
  Eat: Chunk             |     2 |     5 ||     7
Armor: Skin              |     2 |     2 ||     4
Dodge: Dodged            |    33 |    48 ||    81
